 Dungeon Crawl Stone Soup version 0.27.1-34-g3ba077fa99 (webtiles) character file.

Game seed: 12190046912386033582

4496 LLlMATKO the Fighter (level 10, 0/90 (92) HPs)
             Began as a Minotaur Berserker on Jan 21, 2022.
             Was a High Priest of Trog.
             Slain by an unseen horror (7 damage)
             ... on level 7 of the Dungeon.
             The game lasted 00:08:39 (9598 turns).

LLlMATKO the Fighter (Minotaur Berserker)           Turns: 9598, Time: 00:08:40

HP:   0/90 (92)     AC: 12    Str: 22    XL:     10   Next: 16%
MP:   9/9           EV: 14    Int:  4    God:    Trog [*****.]
Gold: 336           SH:  0    Dex: 13    Spells: 9/9 levels left

rFire    . . .     SeeInvis .   N - +3 dire flail (freeze)
rCold    . . .     Faith    .   (shield currently unavailable)
rNeg     . . .     Spirit   .   y - +4 ring mail
rPois    .         Reflect  .   (helmet restricted)
rElec    .         Harm     .   (no cloak)
rCorr    .         Rampage  .   r - +0 pair of gloves
Will     .....                  (no boots)
Stlth    +.........             (no amulet)
HPRegen  0.25/turn              (no ring)
MPRegen  0.11/turn              (no ring)

@: on berserk cooldown, slowed, lightly drained, very slow
A: horns 2, retaliatory headbutt
a: Renounce Religion, Berserk, Trog's Hand, Brothers in Arms


You were on level 7 of the Dungeon.
You worshipped Trog.
Trog was extremely pleased with you.
You visited 1 branch of the dungeon, and saw 7 of its levels.
You also visited: Sewer.

You collected 336 gold pieces.

Inventory:

Hand Weapons
 a - a +0 hand axe of flaming
 L - a +3 war axe
 N - a +3 dire flail of freezing (weapon)
Missiles
 h - 294 stones (quivered)
 k - 54 poisoned darts
 p - 11 bolts
 C - 4 boomerangs
 D - 2 throwing nets
 H - 3 silver boomerangs
Armour
 r - a +0 pair of gloves (worn)
 y - a +4 ring mail (worn)
 G - a +0 scale mail of fire resistance
Wands
 i - a wand of paralysis (9)
 s - a wand of polymorph (9)
 A - a wand of iceblast (4)
 E - a wand of flame (60)
Scrolls
 c - 5 scrolls of amnesia
 e - a scroll of teleportation
 n - 2 scrolls of enchant armour {unknown}
 q - 5 scrolls of fog {unknown}
 t - 3 scrolls of fear {unknown}
 u - a scroll of blinking
 v - 2 scrolls of brand weapon
 z - 4 scrolls of identify {unknown}
 B - a scroll of enchant weapon {unknown}
 I - a scroll of acquirement {unknown}
 J - a scroll of vulnerability {unknown}
 K - a scroll of magic mapping {unknown}
Potions
 b - a potion of cancellation {unknown}
 d - 3 potions of brilliance {unknown}
 f - 4 potions of curing {unknown}
 g - 4 potions of mutation {unknown}
 j - 5 potions of heal wounds {unknown}
 l - 4 potions of magic {unknown}
 m - a potion of haste {unknown}
 o - a potion of lignification {unknown}
 w - a potion of invisibility {unknown}
 x - a potion of experience {unknown}
 M - 2 potions of berserk rage {unknown}


   Skills:
 + Level 9.7 Fighting
 + Level 9.6 Axes
 + Level 9.2 Armour
 + Level 8.4 Dodging


You had 9 spell levels left.
You didn't know any spells.
Your spell library was empty.

Dungeon Overview and Level Annotations

Branches:
Dungeon (7/15)             Temple (0/1) D:4           Sewer (visited)

Altars:
Hepliaklqana
Uskayaw
Yredelemnul
Zin

Shops:
D:3 :   D:6 *


Innate Abilities, Weirdness & Mutations

You have a pair of horns on your head.
You reflexively headbutt those who attack you in melee.


Message History

You swing at nothing.
Something hits you.
You closely miss something.
Something hits you but does no damage. x2
You swing at nothing.
Something hits you.
You swing at nothing.
Something hits you but does no damage.
You swing at nothing.
Something completely misses you.
You swing at nothing.
Something barely misses you. Something hits you but does no damage.
You swing at nothing.
Something hits you but does no damage.
You swing at nothing.
Something hits you! Something hits you but does no damage.
You miss something. Your headbutt misses something.
Something completely misses you.
You swing at nothing.
Something barely misses you. Something hits you!
* * * LOW HITPOINT WARNING * * *
You swing at nothing.
Something barely misses you.
You swing at nothing.
Something hits you but does no damage. Something hits you.
* * * LOW HITPOINT WARNING * * *
Something hits you!
* * * LOW HITPOINT WARNING * * *
A red film seems to cover your vision as you go berserk!
You feel yourself moving faster!
You feel mighty! Something hits you but does no damage.
You swing at nothing.
You feel a strong urge to attack something.
Something hits you.
* * * LOW HITPOINT WARNING * * *
You swing at nothing.
Something hits you!
* * * LOW HITPOINT WARNING * * *
You swing at nothing.
You feel your anger nearly subside. Something hits you.
* * * LOW HITPOINT WARNING * * *
Something barely misses you.
You swing at nothing.
You are no longer berserk.
You are exhausted.
You feel yourself slow down. Something hits you but does no damage.
You swing at nothing.
Something hits you!
You die...

......[..###..# ##.....
...........##..# ..#...
##....!.....#...##..##...
#....................##..
#................##..##..
.#.............^.###...#..
...........>......##......
........<......#.....#.#..
.......).@...###..#.##....
...##..>.###.# .....##...
#...### #... .[..####.. .....#
##).. ######## ....##
#.######...... .#...######
#..##....#.#.# ....
#....#.#.###........##.##
....##............###..#.#....
.......#...#.# ##.#......


There were no monsters in sight!

Vanquished Creatures
  A two-headed ogre (D:6)
  An unseen horror (D:5)
  Grinder (D:6)
  Sigmund (D:5)
  Eustachio (D:6)
  2 steam dragons (D:7)
  Edmund (D:5)
  Duvessa (D:7)
  A hornet zombie (D:6)
  A necrophage (D:6)
  2 sky beasts
  An ogre (D:6)
  2 phantoms
  4 bullfrogs
  Blork the orc (D:5)
  Dowan (D:7)
  2 wyvern zombies (D:6)
  3 water moccasin zombies
  A wyvern skeleton (D:6)
  A water moccasin skeleton (D:6)
  9 wights
  A bullfrog zombie (D:6)
  2 centaur zombies
  A gnoll shaman (D:5)
  3 orc priests
  A hound (D:7)
  3 iguanas
  5 orc wizards
  A killer bee zombie (D:3)
  A howler monkey zombie (D:6)
  A howler monkey skeleton (D:7)
  6 gnolls
  5 river rats (Sewer)
  18 adders
  3 worms
  2 dart slugs
  23 orcs
  2 bats (D:2)
  8 endoplasms
  7 giant cockroaches
  7 goblins
  4 hobgoblins
  6 jackals
  3 quokkas
  18 ball pythons
  4 frilled lizards
  7 kobolds
  32 rats
212 creatures vanquished.

Notes
Turn   | Place    | Note
-------+----------+-------------------------------------------
     0 | D:1      | LLlMATKO the Minotaur Berserker began the quest for the
                  | Orb.
     0 | D:1      | Reached XP level 1. HP: 19/19 MP: 0/0
   148 | D:1      | Reached XP level 2. HP: 26/27 MP: 1/1
   645 | D:2      | Reached XP level 3. HP: 33/33 MP: 2/2
   788 | D:2      | Found a faded altar of an unknown god.
  1035 | D:2      | Reached ** piety under Trog
  1432 | D:2      | Reached XP level 4. HP: 41/41 MP: 3/3
  2252 | D:3      | Found Exkuy's Book Shoppe.
  2678 | D:3      | Reached XP level 5. HP: 47/47 MP: 4/4
  3456 | D:3      | Found Exkuy's Book Shoppe.
  4216 | D:4      | Found a staircase to the Ecumenical Temple.
  4260 | D:4      | Found a glowing drain.
  4308 | Sewer    | Entered a sewer
  4385 | Sewer    | Reached skill level 5 in Fighting
  4482 | Sewer    | Reached *** piety under Trog
  4486 | Sewer    | Reached skill level 5 in Axes
  4662 | Sewer    | Reached XP level 6. HP: 49/56 MP: 5/5
  4927 | D:4      | You fall into a shaft and drop 1 floor!
  4927 | D:5      | Entered Level 5 of the Dungeon
  4997 | D:5      | Noticed Blork the orc
  5003 | D:5      | Killed Blork the orc
  5004 | D:5      | Reached skill level 5 in Armour
  5004 | D:5      | Reached XP level 7. HP: 62/62 MP: 6/6
  5692 | D:4      | Reached **** piety under Trog
  5796 | D:4      | Found a glowing silver altar of Zin.
  5997 | D:4      | Found a staircase to the Ecumenical Temple.
  6524 | D:4      | Found a glowing silver altar of Zin.
  6579 | D:5      | Found a hide-covered altar of Uskayaw.
  6603 | D:5      | Killed an unseen horror
  6604 | D:5      | Reached skill level 5 in Dodging
  6604 | D:5      | Reached XP level 8. HP: 9/71 MP: 7/7
  7074 | D:5      | Noticed Edmund
  7081 | D:5      | Killed Edmund
  7200 | D:5      | Noticed Sigmund
  7206 | D:5      | Killed Sigmund
  7537 | D:5      | Found a hide-covered altar of Uskayaw.
  8181 | D:6      | Noticed a two-headed ogre
  8183 | D:6      | Noticed Eustachio
  8189 | D:6      | Killed a two-headed ogre
  8190 | D:6      | Reached XP level 9. HP: 81/81 MP: 8/8
  8210 | D:6      | Killed Eustachio
  8522 | D:6      | Found Appeaz's General Store.
  8546 | D:6      | Noticed Grinder
  8554 | D:6      | Killed Grinder
  8725 | D:6      | Found a basalt altar of Yredelemnul.
  8876 | D:6      | Reached ***** piety under Trog
  9100 | D:6      | Found a hazy altar of Hepliaklqana.
  9250 | D:7      | Reached XP level 10. HP: 74/91 MP: 9/9
  9475 | D:7      | Noticed Duvessa
  9477 | D:7      | Noticed Dowan
  9482 | D:7      | Killed Duvessa
  9484 | D:7      | Killed Dowan
  9598 | D:7      | Slain by an unseen horror

Illustrated notes

Levels and vault maps discovered:
D:1:      minmay_arrival_hallway, layout_rooms
D:2:      layout_basic, shapermc_ecumenical_altar_acropolis, st_stairs_1,
          minmay_joined_circles
D:3:      layout_loops_ring, serial_shops, shop, serial_rivers,
          chequers_serial_rivers_room_a, chequers_serial_rivers_micro_b,
          chequers_serial_rivers_small_b, chequers_serial_rivers_small_a,
          minivault_5
D:4:      layout_loops_ring, zin_treasury, minmay_temple_entry_mini_moons,
          gup_sewer_entry_bowl
D:5:      layout_loops_ring, mainiacjoe_overflow_boulevard, uniq_blork_the_orc,
          uniq_sigmund, uniq_edmund
D:6:      layout_loops_cross, mainiacjoe_overflow_alcove_4,
          nicolae_yredelemnul_corpse_copse, serial_shops, kennysheep_mini,
          uniq_grinder, uniq_eustachio
D:7:      layout_cave_pools, minmay_nine_imps, uniq_duvessa

Skill      XL: |  1  2  3  4  5  6  7  8  9 10 |
---------------+-------------------------------+-----
Fighting       | 4 5 6 8 9 |  9.7
Axes           | 4 5 6 8 9 |  9.6
Armour         | 3 4 5 6 7 8 9 |  9.2
Dodging        | 3 4 5 7 8 |  8.4

Action                   |  1- 3 |  4- 6 |  7- 9 | 10-12 || total
-------------------------+-------+-------+-------+-------++-------
Melee: Hand axe          |    73 |   163 |   195 |       ||   431
       Headbutt          |    11 |    19 |    52 |     7 ||    89
       Dire flail        |       |       |    40 |    40 ||    80
Throw: Dart              |       |       |     2 |       ||     2
Invok: Berserk           |     1 |     6 |     9 |     2 ||    18
  Use: Scroll            |       |     6 |       |       ||     6
Armor: Animal skin       |     7 |     9 |       |       ||    16
       Ring mail         |       |    31 |    87 |    35 ||   153
Dodge: Dodged            |    39 |    82 |   115 |    33 ||   269
